Map: Ephemeron LE

Players

ShoWTimE

  • Race: Protoss Protoss
  • League: Grandmaster
  • Spawn Location: 5:00

DPGPartinG (PartinG) - Winner!

  • Race: Protoss Protoss
  • League: Master
  • Spawn Location: 11:00

Event: HomeStory Cup XX

VOD

Have the link to the VOD?

Description

Time

  • Played on: Nov. 23, 2019, 5:58 a.m.
  • Length: 6:28

All games in this series

Show
View Real Time Build Order
Export as new Build Order

ShoWTimE Protoss 

Build Orders:  

Get SALT Encoding   

  12  0:00  Probe  
  13  0:12  Probe  
  14  0:17  Pylon  
  14  0:24  Probe  
  15  0:32  Probe  
  15  0:36  Gateway  
  15  0:40  Probe  
  16  0:45  Assimilator  
  17  0:51  Probe  
  17  0:54  Assimilator  
  18  0:59  Probe  
  19  1:07  Probe, Gateway  
  19  1:17  Probe  
  20  1:23  Cybernetics Core  
  21  1:29  Probe  
  22  1:34  Pylon  
  22  1:41  Probe  
  23  1:50  Warp Gate  
  23  1:53  Probe  
  24  1:59  Adept  
  24  2:00  Adept  
  28  2:08  Pylon  
  28  2:25  Shield Battery  
  28  2:29  Adept  
  30  2:30  Adept  
  31  2:43  Probe  
  32  2:50  Nexus  
  32  3:08  Shield Battery  
  32  3:09  Adept  
  32  3:10  Adept  
  36  3:16  Probe  
  36  3:19  Pylon  
  37  3:23  Shield Battery  
  36  3:35  Robotics Facility  
  36  3:42  Shield Battery  
  36  3:47  Sentry  
  36  3:48  Sentry  
  40  3:50  Probe  
  37  4:02  Probe  
  30  4:14  Probe  
  29  4:19  Stalker  
  29  4:27  Probe  
  30  4:40  Stalker  
  30  4:42  Probe  
  26  4:54  Stalker  
  26  4:58  Immortal  
  31  5:16  Stalker  
  33  5:21  Sentry  
  33  5:23  Probe  
  33  5:27  Probe  
  32  5:35  Probe  
  32  5:41  Probe  
  33  5:47  Probe  
  33  5:51  Adept  
  33  5:54  Probe  
  32  6:15  Stalker x2  
  36  6:23  Pylon  
Show
View Real Time Build Order
Export as new Build Order

DPGPartinG Protoss - Winner!

Build Orders: Oracle Opening 

Get SALT Encoding   

  12  0:00  Probe  
  13  0:12  Probe  
  14  0:17  Pylon  
  14  0:24  Probe  
  15  0:32  Probe  
  15  0:37  Gateway  
  15  0:40  Probe  
  16  0:46  Assimilator  
  17  0:51  Probe  
  17  0:54  Assimilator  
  18  0:59  Probe  
  19  1:07  Probe  
  19  1:08  Gateway  
  19  1:17  Probe  
  20  1:25  Cybernetics Core  
  21  1:29  Probe  
  22  1:40  Pylon  
  22  1:41  Probe  
  23  1:58  Probe  
  23  2:01  Adept x2  
  28  2:02  Warp Gate  
  28  2:10  Pylon  
  28  2:14  Probe  
  29  2:21  Shield Battery  
  29  2:31  Stargate  
  29  2:34  Adept  
  30  2:38  Adept  
  32  2:57  Pylon  
  32  3:02  Oracle  
  32  3:04  Shield Battery  
  32  3:08  Shield Battery  
  39  3:31  Oracle  
  35  3:39  Nexus  
  36  3:43  Probe  
  37  4:03  Stalker x2  
  37  4:08  Oracle  
  41  4:22  Probe  
  39  4:30  Probe  
  39  4:32  Stalker  
  42  4:39  Stalker  
  42  4:41  Probe  
  43  4:48  Probe  
  44  4:56  Probe  
  44  4:58  Probe  
  45  5:06  Adept  
  48  5:12  Probe x2  
  50  5:19  Adept  
  52  5:24  Probe  
  50  5:38  Probe x2  
  50  5:39  Phoenix  
  54  5:48  Adept x2  
  58  5:54  Probe  
  53  6:06  Probe  
  53  6:08  Probe  
  49  6:16  Pylon, Robotics Facility  
  48  6:23  Sentry x2  
Tags
 
Add a new tag
Caveats
  • Supply blocks, unpowered buildings, or Contaminate may cause inaccurate times.
  • Supply counts are checked every 10 seconds.